 Dungeon Crawl Stone Soup version 0.27-a0-291-gd9602db6ee (webtiles) character file.

Game seed: 11806471720144367437

1583125 ardl the Victor of a Thousand Battles (level 27, 238/261 HPs)
             Began as a Minotaur Arcane Marksman on Feb 9, 2021.
             Was the Champion of Okawaru.
             Escaped with the Orb
             ... and 3 runes!
             The game lasted 02:40:20 (88090 turns).

ardl the Victor of a Thousand Battles (MiAM)       Turns: 88090, Time: 02:40:21

Health: 238/261    AC: 46    Str: 22    XL:     27
Magic:  37/37      EV: 23    Int: 10    God:    Okawaru [******]
Gold:   3209       SH: 17    Dex: 21    Spells: 24/28 levels left

rFire    + + .     SeeInvis .   b - +12 Vampire's Tooth {vamp}
rCold    + + .     Faith    +   P - +2 shield of Resistance {rF++ rC++ Will++}
rNeg     . . .     Spirit   .   s - +10 plate armour of Joy {*Contam rPois Dex+6 Stlth+}
rPois    +         Reflect  .   I - +2 hat {Will+}
rElec    .         Harm     .   M - +2 cloak {rCorr}
rCorr    +         Rampage  +   A - +3 pair of gauntlets of War {Slay+5}
Will     +++++                  G - +2 pair of boots {rampage}
Stlth    ..........             W - amulet of faith
HPRegen  0.93/turn              V - +4 ring of slaying
MPRegen  0.25/turn              u - +4 ring of slaying

@: studying 2 skills
A: retaliatory headbutt, horns 2, rugged brown scales 1, regeneration 1,
screaming 2, weak 1, MP-powered wands
0: Orb of Zot
}: 3/15 runes: serpentine, barnacled, silver
a: Renounce Religion, Heroism, Finesse


You escaped.
You worshipped Okawaru.
Okawaru was exalted by your worship.
You visited 11 branches of the dungeon, and saw 52 of its levels.
You visited the Abyss 1 time.
You also visited: Ice Cave and Wizlab.

You collected 9181 gold pieces.
You spent 5972 gold pieces at shops.

Inventory:

Hand Weapons
 a - a +9 arbalest of freezing
 b - the +12 Vampire's Tooth (weapon) {vamp}
   (You found it on level 1 of the Crypt)

   It inflicts no extra harm, but heals its wielder when it wounds a living foe.
Missiles
 K - 1581 bolts
Armour
 s - the +10 plate armour of Joy (worn) {*Contam rPois Dex+6 Stlth+}
   (Okawaru gifted it to you on level 5 of the Depths)

   It affects your dexterity (+6).
   It protects you from poison.
   It causes magical contamination when unequipped.
   It makes you more stealthy.
 A - the +3 pair of gauntlets of War (worn) {Slay+5}
   (You bought it in a shop on level 3 of the Vaults)

   It affects your accuracy and damage with ranged weapons and melee attacks
   (+5).
 G - a +2 pair of boots of rampaging (worn)
 I - a +2 hat of willpower (worn)
 M - a +2 cloak of preservation (worn)
 O - a +2 hat
 P - the +2 shield of Resistance (worn) {rF++ rC++ Will++}
   (You found it on level 2 of the Elven Halls)

   It greatly protects you from fire.
   It greatly protects you from cold.
   It affects your willpower, your defense against some magical effects.
Jewellery
 u - a +4 ring of slaying (right hand)
 S - an uncursed ring of see invisible
 V - a +4 ring of slaying (left hand)
 W - an amulet of faith (around neck)
Wands
 e - a wand of iceblast (87)
 m - a wand of mindburst (93)
 r - a wand of paralysis (54)
 y - a wand of acid (35)
 D - a wand of digging (8)
 Y - a wand of polymorph (16)
Scrolls
 g - 7 scrolls of fear
 i - 12 scrolls of identify
 p - 5 scrolls of enchant armour
 t - 8 scrolls of teleportation
 v - 6 scrolls of magic mapping
 w - 29 scrolls of remove curse
 x - 4 scrolls of enchant weapon
 B - 5 scrolls of blinking
 R - 4 scrolls of immolation
 T - 2 scrolls of summoning
 U - 3 scrolls of holy word
 X - 6 scrolls of fog
Potions
 d - 7 potions of might
 h - 11 potions of haste
 k - 7 potions of invisibility
 l - 9 potions of heal wounds
 n - 7 potions of resistance
 o - 2 potions of flight
 q - 17 potions of curing
 z - 17 potions of attraction
 E - 2 potions of ambrosia
 H - 3 potions of cancellation
 N - 12 potions of mutation
 Q - 7 potions of lignification
Miscellaneous
 c - a phial of floods
 f - a phantom mirror
 j - a tin of tremorstones (2/2)
 C - a condenser vane
 F - a box of beasts


   Skills:
 - Level 22.0 Fighting
 - Level 8.0 Short Blades
 - Level 13.8(13.9) Maces & Flails
 - Level 2.6(9.6) Staves
 - Level 18.0 Crossbows
 - Level 2.1 Throwing
 - Level 22.0 Armour
 - Level 22.0 Dodging
 - Level 15.0 Shields
 - Level 1.0 Spellcasting
 - Level 2.0 Hexes
 - Level 22.1 Invocations
 + Level 16.7 Evocations


You had 24 spell levels left.
You knew the following spells:

 Your Spells              Type           Power        Failure   Level
a - Portal Projectile     Hex/Tloc       4%           98%         3
v - Corona                Hex            4%           63%         1

Your spell library contained the following spells:

 Spells                   Type           Power        Failure   Level
 Slow                     Hex            4%           77%         2
 Animate Skeleton         Necr           0%           88%         1
 Beastly Appendage        Tmut           0%           88%         1
 Foxfire                  Conj/Fire      0%           88%         1
 Magic Dart               Conj           0%           88%         1
 Pain                     Necr           0%           88%         1
 Sandblast                Erth           0%           88%         1
 Sting                    Tmut/Pois      0%           88%         1
 Ensorcelled Hibernation  Hex/Ice        4%           88%         2
 Confusing Touch          Hex            4%           94%         3
 Tukima's Dance           Hex            4%           94%         3
 Corpse Rot               Necr/Air       N/A          96%         2
 Passwall                 Tmut/Erth      0%           96%         2
 Poisonous Vapours        Pois/Air       0%           96%         2
 Searing Ray              Conj           0%           96%         2
 Sublimation of Blood     Necr           0%           96%         2
 Wereblood                Tmut           0%           96%         2
 Dazzling Flash           Conj/Hex       4%           98%         3
 Inner Flame              Hex/Fire       2%           98%         3
 Conjure Flame            Conj/Fire      0%           99%         3
 Gell's Gravitas          Tloc           0%           99%         3
 Ignite Poison            Fire/Tmut/Pois 0%           99%         3
 Mephitic Cloud           Conj/Pois/Air  0%           99%         3
 Spider Form              Tmut/Pois      0%           99%         3
 Stone Arrow              Conj/Erth      0%           99%         3
 Vampiric Draining        Necr           0%           99%         3
 Animate Dead             Necr           0%           100%        4
 Cause Fear               Hex            2%           100%        4
 Fulminant Prism          Conj/Hex       1%           100%        4
 Ice Form                 Ice/Tmut       0%           100%        4
 Iskenderun's Mystic Bla  Conj/Tloc      0%           100%        4
 Leda's Liquefaction      Hex/Erth       1%           100%        4
 Olgreb's Toxic Radiance  Pois           0%           100%        4
 Petrify                  Tmut/Erth      0%           100%        4
 Sticky Flame             Conj/Fire      0%           100%        4
 Summon Ice Beast         Ice/Summ       0%           100%        4
 Agony                    Necr           0%           100%        5
 Alistair's Intoxication  Tmut/Pois      0%           100%        5
 Blade Hands              Tmut           0%           100%        5
 Borgnjor's Vile Clutch   Necr/Erth      0%           100%        5
 Fireball                 Conj/Fire      0%           100%        5
 Irradiate                Conj/Tmut      0%           100%        5
 Lee's Rapid Deconstruct  Erth           0%           100%        5
 Metabolic Englaciation   Hex/Ice        1%           100%        5
 Summon Forest            Summ/Tloc      0%           100%        5
 Yara's Violent Unravell  Hex/Tmut       1%           100%        5
 Death Channel            Necr           0%           100%        6
 Dispersal                Tloc           0%           100%        6
 Eringya's Noxious Bog    Tmut/Pois      0%           100%        6
 Freezing Cloud           Conj/Ice/Air   0%           100%        6
 Hydra Form               Tmut           0%           100%        6
 Invisibility             Hex            4%           100%        6
 Simulacrum               Ice/Necr       0%           100%        6
 Starburst                Conj/Fire      0%           100%        6
 Statue Form              Tmut/Erth      0%           100%        6
 Dragon Form              Tmut           0%           100%        7
 Ozocubu's Refrigeration  Ice            0%           100%        7
 Summon Hydra             Summ           0%           100%        7
 Borgnjor's Revivificati  Necr           0%           100%        8
 Disjunction              Tloc           0%           100%        8
 Ignition                 Fire           0%           100%        8
 Infestation              Necr           0%           100%        8
 Necromutation            Tmut/Necr      0%           100%        8
 Death's Door             Necr           0%           100%        9
 Dragon's Call            Summ           0%           100%        9


Dungeon Overview and Level Annotations

Branches:
Dungeon (15/15)            Temple (1/1) D:4            Lair (6/6) D:8
 Shoals (4/4) Lair:2        Snake (4/4) Lair:3        Slime (0/5) Lair:6
    Orc (2/2) D:11            Elf (2/3) Orc:2        Vaults (5/5) D:14
  Crypt (3/3) Vaults:2       Tomb (0/3) Crypt:3      Depths (5/5) D:15
    Zot (5/5) Depths:5      IceCv (visited)          WizLab (visited)

Altars:
Ashenzari
Cheibriados
Dithmenos
Elyvilon
Fedhas
Gozag
Hepliaklqana
Kikubaaqudgha
Makhleb
Nemelex Xobeh
Okawaru
Qazlal
Ru
Sif Muna
Trog
Uskayaw
Vehumet
Wu Jian
Xom
Yredelemnul
Zin
The Shining One
Jiyva

Shops:
D:6 **[[   D:13 !   Orc:2 ((!*   Elf:2 :=   Snake:2 *   Snake:3 !   Snake:4 =![
Vaults:1 !   Vaults:3 [   Depths:2 [

Portals:
Hell: Depths:1 Depths:2 Depths:3 Depths:4 Depths:5
Abyss: Depths:4
Pandemonium: Depths:3
Ziggurat: Depths:1
Trove: Elf:1 (give +6 demon blade)

Annotations:
Lair:5 3 runed translucent doors, tinescath's ghost, journeyman DEFE
Lair:6 1 runed translucent door
Shoals:3 1 runed translucent door
Snake:4 3 runed translucent doors, HilariousDeathArtist's ghost, adept KoFi
Elf:1 2 transporters, exclusion: obsidian statue
Elf:2 3 runed translucent doors
Crypt:2 28 runed doors
Depths:4 1 runed translucent door, Vyzol's ghost, adept MiFi
Depths:5 1 runed translucent door
Zot:1 1 exclusion


Innate Abilities, Weirdness & Mutations

You reflexively headbutt those who attack you in melee.
You have a pair of horns on your head.
You are partially covered in rugged brown scales. (AC +1, +3% HP)
Your natural rate of healing is unusually fast.
You sometimes yell uncontrollably at your foes.
You are weak. (Str -2)
You expend magic power (3 MP) to strengthen your wands.


Message History

Okawaru accepts your kill.
No target in view!
(D) Dungeon (T) Temple (L) Lair (A) Shoals (P) Snake Pit (M) Slime Pits (O) Orcish Mines (E) Elven Halls (V) Vaults (C) Crypt (W) Tomb (U) Depths (H) Hell (Z) Zot
Where to? (Enter - D:1 @ (x,y), ? - help)
Items here: )) [[.
There is an open door here.
There is a stone staircase leading up here.
You climb upwards.
There is a stone staircase leading down here.
A red devil, a balrug and a sun demon come into view.
The sun demon shouts!
You open the door.
There is an open door here.
There is an open door here.
There is a staircase leading out of the dungeon here.
The sun demon hits you!
You are engulfed in flames.
You resist.
You have escaped!

.####..#8..8#.#......##..........
.......##..##.#......##..........
###.......#.#.#......####.#......
###.####.............'...........
.........)...##......########..##
.............'.......)...........
###.#####....################..##
#.# #.4..##...# #.........#
#.#####.2..##.@.# ##.####.#.# #
#....##....##.3.# #.# #.#.# #
#....'..##.###2### #.####.#.# #
#....#####.'4....#####.##.#.#.# #
#....# ###.....#...#......#.#
###....#######..8..'.8.####.#....
..'....+.....#.....#...##...#.#.#
###....#####.'.....#####........#
###### #.###+### #..#......


You could see a balrug, a sun demon and a red devil.

Vanquished Creatures
  2 dread liches
  An orb of fire (Zot:5)
  3 ancient liches
  Mara (Depths:4)
  A Killer Klown (Zot:5)
  Xtahua (Depths:4)
  Saint Roka (Snake:4)
  3 caustic shrikes (Depths:5)
  Jory (Vaults:5)
  6 golden dragons
  2 bone dragons
  An electric golem (Zot:5)
  A moon troll (WizLab)
  A Brimstone Fiend (Depths:5)
  A Tzitzimitl (Zot:1)
  19 tentacled monstrosities
  A Hell Sentinel (D:5)
  2 liches (Crypt:3)
  6 titans
  23 Orb Guardians
  4 quicksilver dragons
  6 tentacled starspawn
  A pandemonium lord (Depths:2)
  3 ancient champions (Crypt:2)
  A kraken (Shoals:4)
  The ghost of Zoudwusmoff the Whirler, an adept HaHu of Okawaru (Depths:1)
  5 sphinxes
  Gastronok (D:10)
  An Executioner (D:11)
  Agnes (Snake:2)
  6 shadow dragons
  9 storm dragons
  5 tengu reavers
  3 draconian monks
  Roxanne (Shoals:4)
  9 frost giants
  18 fire giants
  4 revenants
  5 deep elf sorcerers
  Louise (Depths:4)
  An iron dragon (Depths:3)
  7 nagarajas (Snake:4)
  10 vault wardens
  A juggernaut zombie (Depths:1)
  2 curse skulls
  3 cacodemons
  An orc warlord (Orc:2)
  3 draconian scorchers (Zot:5)
  Aizul (Snake:2)
  A deep elf elementalist (Vaults:5)
  A draconian shifter (Zot:4)
  2 balrugs (Zot:4)
  A warmonger (D:2)
  A ghost moth (Zot:2)
  13 ironheart preservers
  4 draconian annihilators (Zot:5)
  2 ghouls (Crypt:3)
  7 war gargoyles
  A caustic shrike skeleton (Depths:1)
  A spriggan defender (Depths:2)
  2 reapers
  15 vampire knights
  28 very ugly things
  35 stone giants
  4 green draconians
  A black sun (D:2)
  7 black draconians
  Nessos (D:14)
  6 dire elephants (Lair:6)
  4 white draconians
  5 yellow draconians
  3 deep elf annihilators (Depths:4)
  The ghost of Deed the Peltast, a journeyman MiFi of Wu Jian (Lair:3)
  12 spark wasps
  3 purple draconians (Zot:4)
  A crystal guardian (Vaults:2)
  3 red draconians
  5 eidola
  6 deep elf death magi
  11 ettins
  A green death (D:15)
  2 merfolk javelineers (Shoals:4)
  2 blizzard demons (Depths:1)
  12 jiangshi
  12 fire dragons
  8 merfolk impalers (Shoals:4)
  5 deep elf high priests
  A spectral golden dragon (Crypt:3)
  17 yaktaur captains
  20 great orbs of eyes
  9 hydras
  9 rakshasas
  14 ice dragons
  27 vault guards
  2 monstrous demonspawn
  2 hell beasts
  2 peacekeepers (Elf:1)
  2 catoblepae
  22 naga warriors
  8 boulder beetles
  A spriggan air mage (Depths:4)
  An alligator snapping turtle (Shoals:3)
  15 ogre magi
  8 centaur warriors
  4 death yaks (Lair:5)
  26 two-headed ogres
  14 anacondas
  4 death knights
  4 deep troll shamans
  2 satyrs
  6 merfolk aquamancers
  An alligator (Lair:6)
  The ghost of pigah the Covert, a journeyman OpWn of Dithmenos (Lair:1)
  The ghost of Maimakterion the Slinger, a journeyman DsCK of Xom (D:10)
  7 tengu warriors
  18 dancing weapons
  4 merfolk avatars (Shoals:4)
  7 vampire magi
  3 deep troll earth magi
  3 orc high priests (Orc:2)
  8 naga sharpshooters
  5 spriggan berserkers
  4 soul eaters
  2 sun demons
  6 shock serpents
  8 hell knights
  18 shadow wraiths
  2 spriggans (Lair:3)
  A wretched star (Abyss:2)
  A storm dragon zombie (Crypt:2)
  14 deep elf knights
  27 deep trolls
  4 iron trolls
  11 sea snakes
  5 unseen horrors
  18 skeletal warriors
  5 sixfirhies
  A torturous demonspawn (D:2)
  A goliath frog (shapeshifter) (Vaults:2)
  4 salamander mystics
  A storm dragon skeleton (Depths:1)
  3 large abominations
  An orange crystal statue (WizLab)
  A shadow demon (D:10)
  A shadow dragon zombie (Crypt:2)
  16 glowing orange brains
  2 infernal demonspawn
  7 flayed ghosts
  An obsidian statue (Zot:5)
  2 wolf spider zombies
  15 ironbrand convokers
  22 wizards
  A sphinx zombie (Crypt:2)
  2 starcursed masses (WizLab)
  5 naga ritualists
  8 necromancers
  15 harpies
  12 deep elf archers
  27 deep elf pyromancers
  26 phantasmal warriors
  53 ugly things
  21 deep elf zephyrmancers
  18 orc knights
  8 orc sorcerers
  An orb spider (shapeshifter) (Vaults:1)
  A mana viper (shapeshifter) (Vaults:1)
  5 wolf spiders
  An oklob plant (D:12)
  7 mana vipers
  2 frost giant zombies
  20 cyclopes
  7 moths of wrath
  13 fauns
  A manticore (shapeshifter) (Depths:5)
  18 manticores
  A worldbinder (Abyss:2)
  A stone giant zombie (Crypt:1)
  13 salamanders
  A salamander (shapeshifter) (Vaults:3)
  12 merfolk sirens
  6 water nymphs
  11 elephants
  4 guardian serpents (Snake:4)
  2 rust devils (Depths:1)
  An elephant (shapeshifter) (Vaults:5)
  2 stone giant skeletons
  2 torpor snails (Lair:6)
  A moth of wrath (shapeshifter) (Vaults:3)
  2 ice statues (IceCv)
  A gargoyle (D:10)
  15 naga magi
  Joseph (Lair:1)
  11 vault sentinels
  A dire elephant skeleton (Crypt:3)
  8 eyes of devastation (WizLab)
  A centaur skeleton (D:13)
  3 smoke demons
  2 spriggan zombies (Depths:1)
  38 black mambas
  10 cane toads
  2 hellions
  A minotaur zombie (Crypt:2)
  9 rime drakes
  An emperor scorpion zombie (Crypt:3)
  3 kobold demonologists (D:11)
  15 freezing wraiths
  A demonic crawler (Depths:4)
  8 komodo dragons
  14 ice devils
  A yaktaur (shapeshifter) (D:15)
  A spark wasp simulacrum (Depths:1)
  39 yaktaurs
  5 hellwings
  A purple draconian skeleton (Crypt:2)
  3 red devils
  6 tengu conjurers
  An iron troll skeleton (Crypt:3)
  A grey draconian skeleton (Crypt:3)
  9 trolls
  5 guardian mummies (Crypt:3)
  3 polar bears
  31 merfolk
  A merfolk (shapeshifter) (Vaults:5)
  A jumping spider (shapeshifter) (Vaults:5)
  6 wind drakes
  3 meliai (D:13)
  8 hornets
  6 raiju (Abyss:2)
  16 blink frogs
  An ettin zombie (Crypt:2)
  32 slime creatures
  A fire dragon zombie (Crypt:3)
  A snapping turtle (shapeshifter) (D:15)
  6 dream sheep
  A tarantella zombie (Crypt:2)
  8 snapping turtles
  2 frost giant simulacra (Depths:1)
  A boulder beetle zombie (Crypt:3)
  An ice dragon zombie (Crypt:3)
  9 flying skulls (Crypt:3)
  2 stone giant simulacra
  3 air elementals (Elf:2)
  A tarantella (shapeshifter) (Vaults:1)
  2 deep troll skeletons (Depths:1)
  14 wraiths
  3 wyverns
  2 ynoxinuls
  13 water elementals
  8 shadows (Crypt:3)
  2 vampires
  2 humans (shapeshifter)
  59 yaks
  5 basilisks
  2 fire elementals
  2 neqoxecs
  A steam dragon (shapeshifter) (Depths:1)
  A golden eye (shapeshifter) (D:15)
  A chaos spawn (Zot:1)
  3 vampire mosquitoes (D:15)
  2 yaktaur simulacra
  57 nagas
  3 wargs
  A merfolk zombie (Crypt:2)
  An emperor scorpion simulacrum (Crypt:2)
  A spectral snapping turtle (Crypt:3)
  Edmund (D:5)
  A floating eye (Depths:2)
  19 water moccasins
  A soldier ant (D:13)
  4 ice beasts
  2 merfolk skeletons
  The ghost of tinescath the Magician, an amateur DEFE (D:3)
  2 small abominations (Abyss:2)
  3 sky beasts
  3 deep troll simulacra (Depths:1)
  A fire dragon simulacrum (Depths:1)
  58 orc warriors
  A hornet zombie (D:14)
  An eye of draining (D:9)
  An ice dragon simulacrum (Crypt:2)
  5 black bears
  3 black bears (shapeshifter)
  An ettin simulacrum (Depths:1)
  28 ogres
  A necrophage (Crypt:3)
  25 wolves
  12 boggarts
  A tengu (shapeshifter) (D:15)
  3 phantoms
  21 centaurs
  A komodo dragon zombie (Crypt:1)
  An elf simulacrum (Vaults:1)
  6 kobold brigands
  21 bullfrogs
  An octopode zombie (Crypt:1)
  4 earth elementals
  A gnoll sergeant (D:12)
  2 human skeletons (Vaults:4)
  A salamander skeleton (Crypt:2)
  5 scorpions
  A water moccasin skeleton (D:8)
  4 human simulacra
  A warg skeleton (Crypt:1)
  4 killer bees
  15 wights
  A wolf zombie (Crypt:3)
  4 howler monkeys
  2 bullfrog zombies
  3 centaur zombies
  2 jellies
  A soldier ant zombie (Crypt:2)
  3 bullfrog skeletons
  18 orc priests
  11 hounds
  14 orc wizards
  7 iguanas
  12 worker ants
  A killer bee zombie (D:8)
  A deep dwarf zombie (Crypt:3)
  A naga skeleton (Crypt:2)
  A hound skeleton (D:6)
  2 hound zombies
  7 mummies (Crypt:3)
  3 worker ant zombies
  12 adders
  9 gnolls
  An adder (shapeshifter) (Vaults:3)
  A shadow imp (D:6)
  12 white imps
  9 ufetubi
  An adder zombie (D:9)
  An ooze (D:6)
  2 dart slugs
  4 worms
  6 leopard geckos
  90 orcs
  A bat zombie (Crypt:1)
  3 giant cockroaches
  3 goblins (D:1)
  4 hobgoblins
  5 jackals
  30 kobolds
  4 quokkas
  A ball python (D:3)
  7 bats
  4 frilled lizards
  A frilled lizard skeleton (Crypt:1)
  A jackal zombie (D:5)
  A kobold zombie (Crypt:1)
  A leopard gecko zombie (D:6)
  8 rats
  A fire vortex (Depths:3)
  6 starspawn tentacles
  A tentacle (Shoals:4)
2370 creatures vanquished.

Vanquished Creatures (collateral kills)
  An orc (Snake:4)
1 creature vanquished.

Vanquished Creatures (others)
  A fire giant (Depths:3)
  A ghost moth (Zot:1)
  A vampire knight (Depths:5)
  A deep elf knight (Elf:1)
  A sixfirhy (Zot:1)
  An unseen horror (shapeshifter) (Depths:2)
  A black mamba (Snake:2)
  An orc warrior (Vaults:5)
  3 white imps (IceCv)
  An ufetubus (IceCv)
  3 kobolds (D:3)
  A demonic plant (WizLab)
  28 fungi
  121 plants
  4 starspawn tentacles
  4 tentacles (Shoals:4)
173 creatures vanquished.

Grand Total: 2544 creatures vanquished

Notes
Turn   | Place    | Note
-------+----------+-------------------------------------------
     0 | D:1      | ardl the Minotaur Arcane Marksman began the quest for the
                  | Orb.
     0 | D:1      | Reached XP level 1. HP: 16/16 MP: 1/1
   441 | D:1      | Reached XP level 2. HP: 19/24 MP: 2/2
  1791 | D:2      | Reached XP level 3. HP: 30/30 MP: 3/3
  2682 | D:3      | Reached XP level 4. HP: 38/38 MP: 4/4
  2831 | D:3      | Found a runed translucent gate.
  2831 | D:3      | Found a runed translucent gate.
  2831 | D:3      | Found a runed translucent gate.
  2831 | D:3      | Noticed tinescath's ghost (amateur DEFE)
  2832 | D:3      | Identified the +10 whip of the Enchanted Forest {elec,
                  | rElec rC+ Stlth+}
  2832 | D:3      | Noticed a kobold brigand
  3055 | D:4      | Found a staircase to the Ecumenical Temple.
  3063 | D:4      | Reached skill level 1 in Maces & Flails
  3075 | D:4      | Reached XP level 5. HP: 35/46 MP: 5/5
  3093 | Temple   | Entered the Ecumenical Temple
  3370 | Temple   | Became a worshipper of Warmaster Okawaru
  3442 | D:4      | Found a radiant altar of Vehumet.
  3637 | D:4      | Reached XP level 6. HP: 48/52 MP: 6/6
  3704 | D:4      | Reached skill level 5 in Maces & Flails
  3865 | D:4      | Found a sacrificial altar of Ru.
  4141 | D:5      | Entered Level 5 of the Dungeon
  4240 | D:5      | Reached * piety under Okawaru
  4697 | D:5      | Noticed Edmund
  4703 | D:5      | Killed Edmund
  4703 | D:5      | Reached ** piety under Okawaru
  4704 | D:5      | Reached XP level 7. HP: 50/59 MP: 7/7
  5092 | D:6      | Saving game... please wait.
  5095 | D:6      | Reached skill level 1 in Invocations
  5099 | D:6      | Found Goegigg's Armour Shop.
  5187 | D:6      | Found Ruebloa's Antique Armour Shoppe.
  5370 | D:6      | Reached skill level 1 in Armour
  5384 | D:6      | Reached XP level 8. HP: 66/66 MP: 9/9
  5475 | D:6      | Found Sacsas's Assorted Antiques.
  5607 | D:6      | Found Pikox Anur's Assorted Antiques.
  5610 | D:6      | Bought a yellow potion for 21 gold pieces
  5922 | D:7      | Reached *** piety under Okawaru
  5928 | D:7      | Reached skill level 10 in Maces & Flails
  5966 | D:7      | Reached skill level 5 in Fighting
  6451 | D:8      | Reached XP level 9. HP: 75/75 MP: 10/10
  6455 | D:8      | Reached skill level 1 in Evocations
  6466 | D:8      | Found a staircase to the Lair.
  6466 | D:8      | Noticed an elephant
  6480 | D:8      | Reached **** piety under Okawaru
  6480 | D:8      | Received a gift from Okawaru
  6561 | D:8      | Killed an elephant
  6562 | D:8      | Reached skill level 5 in Armour
  7113 | D:8      | Found a shimmering blue altar of Sif Muna.
  7119 | D:8      | Identified Sif Muna's Volume of the Snowflakes
  7125 | D:8      | Found a bloodstained altar of Trog.
  7125 | D:8      | Noticed a troll
  7130 | D:8      | Killed a troll
  7130 | D:8      | Received a gift from Okawaru
  7511 | D:8      | Reached XP level 10. HP: 77/86 MP: 9/11
  7714 | D:8      | Noticed a two-headed ogre
  7721 | D:8      | Killed a two-headed ogre
  8044 | D:6      | Bought a +1 cloak of preservation for 247 gold pieces
  8198 | D:3      | Killed tinescath's ghost
  8198 | D:3      | Reached ***** piety under Okawaru
  8199 | D:3      | Reached skill level 5 in Dodging
  8583 | D:9      | Reached skill level 10 in Fighting
  8746 | D:9      | Received a gift from Okawaru
  8795 | D:9      | Reached skill level 5 in Invocations
  9046 | D:9      | Noticed a deep elf zephyrmancer
  9052 | D:9      | Killed a deep elf zephyrmancer
  9052 | D:9      | Received a gift from Okawaru
  9354 | D:10     | Entered Level 10 of the Dungeon
  9384 | D:10     | Noticed a two-headed ogre
  9394 | D:10     | Reached skill level 1 in Shields
  9397 | D:10     | Killed a two-headed ogre
  9398 | D:10     | Reached XP level 11. HP: 95/99 MP: 12/15
  9552 | D:10     | Noticed a brown ugly thing
  9552 | D:10     | Noticed Maimakterion's ghost (journeyman DsCK)
  9561 | D:10     | Found a transporter.
  9569 | D:10     | Found a transporter.
  9685 | D:10     | Noticed Gastronok
  9706 | D:10     | Killed Gastronok
  9707 | D:10     | Reached skill level 5 in Shields
  9707 | D:10     | Reached skill level 5 in Evocations
 10417 | D:11     | Noticed a soul eater
 10520 | D:11     | Noticed a two-headed ogre
 10529 | D:11     | Received a gift from Okawaru
 10537 | D:11     | Killed a two-headed ogre
 10537 | D:11     | Reached ****** piety under Okawaru
 10650 | D:11     | Found a staircase to the Orcish Mines.
 11127 | Lair:1   | Entered Level 1 of the Lair of Beasts
 11127 | Lair:1   | Noticed Joseph
 11135 | Lair:1   | Killed Joseph
 11306 | Lair:1   | Reached XP level 12. HP: 113/113 MP: 16/16
 11553 | Lair:1   | Found a transporter.
 11555 | Lair:1   | Noticed a seven-headed hydra
 11557 | Lair:1   | Noticed pigah's ghost (journeyman OpWn)
 11566 | Lair:1   | Found a transporter.
 12387 | Lair:2   | Found a staircase to the Shoals.
 12468 | Lair:2   | Received a gift from Okawaru
 12471 | Lair:2   | Got a shimmering great mace {god gift}
 12477 | Lair:2   | Identified the +8 great mace "Ickigoaw" {drain, Str+4}
                  | (Okawaru gifted it to you on level 2 of the Lair of Beasts)
 12619 | Lair:2   | Noticed a seven-headed hydra
 12641 | Lair:2   | Killed a seven-headed hydra
 13116 | Lair:2   | Noticed a six-headed hydra
 13128 | Lair:2   | Killed a six-headed hydra
 13301 | Lair:2   | Found the +8 whip "Snakebite" {curare, rPois}
 13502 | Lair:3   | Noticed a five-headed hydra
 13503 | Lair:3   | Noticed a five-headed hydra
 13509 | Lair:3   | Killed a five-headed hydra
 13509 | Lair:3   | Received a gift from Okawaru
 13514 | Lair:3   | Killed a five-headed hydra
 13515 | Lair:3   | Reached skill level 15 in Fighting
 13777 | Lair:3   | Found a runed translucent door.
 13867 | Lair:3   | Reached XP level 13. HP: 126/126 MP: 17/17
 14019 | Lair:3   | Noticed Deed's ghost (journeyman MiFi)
 14020 | Lair:3   | Identified the +6 trident "Qaodgh" {flame, +Blink Will+}
 14061 | Lair:3   | Found a staircase to the Snake Pit.
 14067 | Lair:3   | Received a gift from Okawaru
 14599 | Lair:4   | Reached skill level 10 in Armour
 14631 | Lair:3   | Got a steaming scale mail
 14632 | Lair:3   | Identified the cursed +0 scale mail of Neca {rCorr Str+6
                  | Dex+7} (You found it on level 3 of the Lair of Beasts)
 14643 | Lair:4   | Received a gift from Okawaru
 14775 | Lair:4   | Found a frozen archway.
 14799 | IceCv    | Entered an ice cave
 14972 | IceCv    | Received a gift from Okawaru
 14973 | IceCv    | Got a pair of encrusted gloves {god gift}
 14977 | IceCv    | Identified the +1 pair of gloves "Puhaado" {rC+ rN+ rCorr
                  | Stlth-} (Okawaru gifted it to you in an ice cave)
 15472 | IceCv    | Noticed a reaper
 15487 | IceCv    | Killed a reaper
 17009 | Lair:5   | Reached skill level 10 in Shields
 17209 | Lair:5   | Found a runed translucent gate.
 17210 | Lair:5   | Found a runed translucent gate.
 17215 | Lair:5   | Found a runed translucent gate.
 17472 | Lair:5   | Noticed tinescath's ghost (journeyman DEFE)
 17661 | D:6      | Bought a scroll of enchant armour for 217 gold pieces
 18389 | Lair:6   | Entered Level 6 of the Lair of Beasts
 18433 | Lair:6   | Received a gift from Okawaru
 18481 | Lair:6   | Received a gift from Okawaru
 18501 | Lair:6   | Reached XP level 14. HP: 44/135 MP: 18/18
 18856 | Lair:6   | Got a smoking great mace {god gift}
 18857 | Lair:6   | Identified the +10 great mace of the Dripping Lamprey
                  | {freeze, Stlth+} (Okawaru gifted it to you on level 6 of
                  | the Lair of Beasts)
 18917 | Lair:6   | Found a runed translucent door.
 18920 | Lair:6   | Found a viscous altar of Jiyva.
 18923 | Lair:6   | Found a staircase to the Slime Pits.
 19077 | Lair:6   | Identified the amulet "Jeeqeted" {Reflect rPois rN+ Int-2
                  | SH+5} (You found it on level 6 of the Lair of Beasts)
 19375 | Lair:6   | Received a gift from Okawaru
 19378 | Lair:6   | Got a pair of shimmering gloves {god gift}
 19379 | Lair:6   | Identified the -6 pair of gloves "Gettoeb" {rPois rC++
                  | Regen+} (Okawaru gifted it to you on level 6 of the Lair of
                  | Beasts)
 20244 | Lair:6   | Got a heavily runed copper ring
 20245 | Lair:6   | Identified the ring "Efudghime" {Fire Will+ Str+4} (You
                  | found it on level 6 of the Lair of Beasts)
 20503 | Lair:6   | Found a runed translucent door.
 20503 | Lair:6   | Found a viscous altar of Jiyva.
 20504 | Lair:6   | Found a staircase to the Slime Pits.
 21564 | D:12     | Found a blossoming altar of Fedhas.
 21620 | D:12     | Received a gift from Okawaru
 21876 | D:12     | Identified the +1 leather armour of Wu Jian's Hope {Harm
                  | rC- Int+10}
 22724 | D:13     | You fall into a shaft and drop 2 floors!
 22724 | D:15     | Entered Level 15 of the Dungeon
 22968 | D:15     | Found a shadowy altar of Dithmenos.
 23025 | D:15     | Reached XP level 15. HP: 117/146 MP: 17/19
 23725 | D:15     | Found a staircase to the Depths.
 23939 | D:15     | Received a gift from Okawaru
 24424 | D:14     | Reached skill level 5 in Crossbows
 24557 | D:14     | Found a gate to the Vaults.
 24679 | D:14     | Noticed Nessos
 24724 | D:14     | Killed Nessos
 25488 | D:13     | Received a gift from Okawaru
 25683 | D:13     | Found Todeuqol's Distillery.
 25721 | D:13     | Bought a potion of mutation for 88 gold pieces
 25721 | D:13     | Bought a potion of invisibility for 88 gold pieces
 25721 | D:13     | Bought a potion of curing for 33 gold pieces
 25721 | D:13     | Bought a potion of curing for 33 gold pieces
 25721 | D:13     | Bought a potion of mutation for 88 gold pieces
 26576 | Orc:1    | Entered Level 1 of the Orcish Mines
 26629 | Orc:2    | Entered Level 2 of the Orcish Mines
 26782 | Orc:2    | Found a staircase to the Elven Halls.
 26819 | Orc:2    | Found Dunolitt's General Store.
 26840 | Orc:2    | Saving game... please wait.
 27070 | Orc:2    | Found Jomuriet's Antique Weapon Shoppe.
 27070 | Orc:2    | Found Famparr's Distillery.
 27070 | Orc:2    | Found Samit's Antique Weapon Shop.
 27439 | Orc:2    | Found a shimmering altar of Xom.
 27444 | Orc:2    | Noticed an orc warlord
 27464 | Orc:2    | Killed an orc warlord
 28188 | Orc:1    | Found a bloodstained altar of Trog.
 28577 | D:6      | Bought a brightly glowing plate armour for 1008 gold pieces
 28577 | D:6      | Identified the +6 plate armour of Decompression {Harm Int-5
                  | SInv} (You bought it in a shop on level 6 of the Dungeon)
 28810 | Orc:2    | Bought a potion of resistance for 110 gold pieces
 28810 | Orc:2    | Bought a potion of mutation for 88 gold pieces
 28810 | Orc:2    | Bought a potion of haste for 110 gold pieces
 28810 | Orc:2    | Bought a potion of heal wounds for 55 gold pieces
 28810 | Orc:2    | Bought a potion of resistance for 110 gold pieces
 28810 | Orc:2    | Bought a potion of haste for 110 gold pieces
 28810 | Orc:2    | Bought a potion of curing for 33 gold pieces
 28810 | Orc:2    | Bought a potion of curing for 33 gold pieces
 29086 | Snake:1  | Entered Level 1 of the Snake Pit
 29371 | Snake:1  | Received a gift from Okawaru
 29673 | Snake:1  | Reached XP level 16. HP: 129/157 MP: 20/20
 30033 | Snake:1  | Reached skill level 10 in Crossbows
 31020 | Snake:2  | Found Nakaoth's General Store.
 31357 | Snake:2  | Received a gift from Okawaru
 31361 | Snake:2  | Got a polished scale mail {god gift}
 31372 | Snake:2  | Identified the +0 scale mail of the Demon Prince {rC+
                  | rCorr} (Okawaru gifted it to you on level 2 of the Snake
                  | Pit)
 32029 | Snake:2  | Found a glowing golden altar of the Shining One.
 32076 | Snake:2  | Noticed Agnes
 32086 | Snake:2  | Killed Agnes
 32379 | Snake:2  | Noticed Aizul
 32414 | Snake:2  | Killed Aizul
 32983 | Snake:3  | Identified a scroll of acquirement
 32983 | Snake:3  | Acquired 812 gold pieces
 33037 | Snake:2  | Bought a tin of tremorstones (2/2) for 440 gold pieces
 33037 | Snake:2  | Bought a potion of experience for 550 gold pieces
 33037 | Snake:2  | Reached XP level 17. HP: 163/163 MP: 21/21
 33145 | Snake:3  | Received a gift from Okawaru
 33184 | Snake:3  | Found Zunegiv's Distillery.
 33190 | Snake:3  | Bought a potion of heal wounds for 80 gold pieces
 33190 | Snake:3  | Bought a potion of haste for 160 gold pieces
 33403 | Snake:4  | Entered Level 4 of the Snake Pit
 33403 | Snake:4  | Noticed Saint Roka
 33423 | Snake:4  | Killed Saint Roka
 33423 | Snake:4  | Received a gift from Okawaru
 33900 | Snake:4  | Found Pinayp's Distillery.
 33908 | Snake:4  | Received a gift from Okawaru
 34056 | Snake:4  | Found Ahoso's Jewellery Emporium.
 34508 | Snake:4  | Found Juluts's Antique Armour Emporium.
 34556 | Snake:4  | Reached skill level 15 in Crossbows
 34556 | Snake:4  | Reached skill level 10 in Dodging
 34702 | Snake:4  | Found a runed translucent gate.
 34703 | Snake:4  | Found a runed translucent gate.
 34704 | Snake:4  | Found a runed translucent gate.
 34712 | Snake:4  | Noticed HilariousDeathArtist's ghost (adept KoFi)
 35063 | Snake:4  | Received a gift from Okawaru
 35139 | Snake:4  | Reached XP level 18. HP: 143/172 MP: 22/22
 36824 | Snake:4  | Got a serpentine rune of Zot
 37192 | Snake:4  | Saving game... please wait.
 37435 | Shoals:1 | Entered Level 1 of the Shoals
 38152 | Shoals:1 | Received a gift from Okawaru
 38359 | Shoals:1 | Saving game... please wait.
 38845 | Shoals:2 | Learned a level 3 spell: Portal Projectile
 38914 | Shoals:2 | Reached skill level 15 in Armour
 39371 | Shoals:3 | Found a runed translucent door.
 39916 | Shoals:3 | Received a gift from Okawaru
 40681 | Vaults:1 | Entered Level 1 of the Vaults
 40786 | Vaults:1 | Received a gift from Okawaru
 40800 | Vaults:1 | Received a gift from Okawaru
 41039 | Vaults:1 | Received a gift from Okawaru
 41259 | Vaults:1 | Reached XP level 19. HP: 181/181 MP: 23/23
 41621 | Vaults:1 | Received a gift from Okawaru
 42257 | Vaults:1 | Got a pitted hat {god gift}
 42258 | Vaults:1 | Identified the +0 hat "Waadu" {SInv} (Okawaru gifted it to
                  | you on level 1 of the Vaults)
 42826 | Snake:4  | Bought a potion of cancellation for 88 gold pieces
 42826 | Snake:4  | Bought a potion of heal wounds for 55 gold pieces
 42826 | Snake:4  | Bought a potion of heal wounds for 55 gold pieces
 42826 | Snake:4  | Bought 2 potions of haste for 220 gold pieces
 43009 | D:6      | Bought a potion of heal wounds for 120 gold pieces
 43162 | D:10     | Killed Maimakterion's ghost
 43371 | Lair:1   | Killed pigah's ghost
 43645 | Lair:3   | Killed Deed's ghost
 45028 | Vaults:1 | Found Yrrarieboq's Distillery.
 45144 | Vaults:2 | Paralysed by an ogre mage for 4 turns
 45152 | Vaults:2 | Paralysed by something for 3 turns
 45550 | Vaults:2 | Found a staircase to the Crypt.
 45550 | Vaults:2 | Found an ancient bone altar of Kikubaaqudgha.
 45550 | Vaults:2 | Found a basalt altar of Yredelemnul.
 45701 | Vaults:2 | Received a gift from Okawaru
 47553 | Vaults:3 | Received a gift from Okawaru
 47561 | Vaults:3 | Identified the +0 pair of boots of the Trilobite {rElec rF-
                  | Dex+7 Stlth-} (Okawaru gifted it to you on level 3 of the
                  | Vaults)
 47604 | Vaults:3 | Reached XP level 20. HP: 193/193 MP: 24/24
 47839 | Vaults:3 | Paralysed by a hornet for 3 turns
 48412 | Vaults:3 | Found Mushung's Antique Armour Shoppe.
 49412 | Vaults:4 | Received a gift from Okawaru
 49559 | Vaults:4 | Received a gift from Okawaru
 50025 | Vaults:4 | Found a stormy altar of Qazlal.
 50181 | Vaults:4 | Received a gift from Okawaru
 50371 | Vaults:4 | Received a gift from Okawaru
 50408 | Vaults:4 | Reached skill level 10 in Invocations
 50576 | Vaults:4 | Reached skill level 15 in Dodging
 51173 | Vaults:4 | Received a gift from Okawaru
 51858 | Elf:1    | Entered Level 1 of the Elven Halls
 52029 | Elf:1    | Received a gift from Okawaru
 52753 | Elf:1    | Found a transporter.
 52768 | Elf:1    | Found a transporter.
 52824 | Elf:1    | Found a portal to a secret trove of treasure.
 52981 | Elf:1    | Reached XP level 21. HP: 180/201 MP: 27/27
 53226 | Elf:1    | Reached skill level 10 in Evocations
 53435 | Elf:1    | Received a gift from Okawaru
 53765 | Elf:2    | Found Fagyrin's One-of-a-Kind Books.
 54258 | Elf:2    | Found the +2 shield of Resistance {rF++ rC++ Will++}
 54267 | Elf:2    | Found Kadutuq's Jewellery Shop.
 54512 | Elf:2    | Found a runed translucent gate.
 54512 | Elf:2    | Found a runed translucent gate.
 54516 | Elf:2    | Found a runed translucent gate.
 54855 | Depths:1 | Entered Level 1 of the Depths
 54934 | Depths:1 | Found a gateway to Hell.
 55507 | Depths:1 | Found a runed translucent gate.
 55507 | Depths:1 | Found a runed translucent gate.
 55507 | Depths:1 | Found a runed translucent gate.
 55944 | Depths:1 | Received a gift from Okawaru
 55982 | Depths:1 | Found a gateway to a ziggurat.
 56004 | Depths:1 | Paralysed by a great orb of eyes for 6 turns
 56488 | Depths:1 | Noticed Zoudwusmoff's ghost (adept HaHu)
 57319 | Depths:1 | Found a runed translucent door.
 58039 | Shoals:4 | Entered Level 4 of the Shoals
 58040 | Shoals:4 | Received a gift from Okawaru
 58111 | Shoals:4 | Noticed Roxanne
 58122 | Shoals:4 | Killed Roxanne
 58278 | Shoals:4 | Reached XP level 22. HP: 202/213 MP: 28/28
 58951 | Shoals:4 | Found a white marble altar of Elyvilon.
 59184 | Shoals:4 | Identified the amulet "Cabraam" {RegenMP Dex+3}
 59977 | Shoals:4 | Got a barnacled rune of Zot
 60187 | Shoals:4 | Saving game... please wait.
 60747 | Depths:1 | Killed Zoudwusmoff's ghost
 60747 | Depths:1 | Received a gift from Okawaru
 60936 | Depths:1 | Identified the ring "Gexkerug" {Fire rN+ Stlth+} (You found
                  | it on level 1 of the Depths)
 61092 | Depths:2 | Received a gift from Okawaru
 61423 | Depths:2 | Received a gift from Okawaru
 61610 | Depths:2 | Received a gift from Okawaru
 61694 | Depths:2 | Noticed a golden dragon
 61698 | Depths:2 | Paralysed by a floating eye for 3 turns
 62020 | Depths:2 | Identified the +2 pair of boots of Gerghipeo {Rampage MP+9
                  | Slay-5 Stlth-} (You found it on level 2 of the Depths)
 62729 | Depths:2 | Found Luecror's Antique Armour Emporium.
 63312 | Depths:2 | Paralysed by a floating eye for 2 turns
 63516 | Depths:2 | Killed a golden dragon
 64189 | Vaults:3 | Bought the +3 pair of gauntlets of War {Slay+5} for 1282
                  | gold pieces
 64189 | Vaults:3 | Found the +3 pair of gauntlets of War {Slay+5}
 65081 | Depths:3 | Paralysed by a great orb of eyes for 6 turns
 65370 | Depths:3 | Found a one-way gate leading to the halls of Pandemonium.
 65455 | Depths:3 | Received a gift from Okawaru
 65733 | Depths:3 | Reached XP level 23. HP: 201/223 MP: 29/29
 66019 | Depths:3 | Received a gift from Okawaru
 67551 | Depths:4 | Noticed Mara
 67799 | Depths:4 | Noticed Xtahua
 67804 | Depths:4 | Killed Xtahua
 67823 | Depths:4 | Found a one-way gate to the infinite horrors of the Abyss.
 67824 | Depths:4 | Noticed Louise
 67836 | Depths:4 | Killed Louise
 68049 | Depths:4 | Found a magical portal.
 68054 | WizLab   | Entered Lehudib's Moon Base
 68117 | WizLab   | Found a transporter.
 68332 | WizLab   | Gained mutation: You tend to lose your temper in combat. [a
                  | cacodemon]
 68813 | WizLab   | Reached skill level 1 in Staves
 68959 | WizLab   | Received a gift from Okawaru
 69154 | WizLab   | Received a gift from Okawaru
 69247 | WizLab   | Found a transporter.
 70065 | WizLab   | Identified the ring "Bampiwk" {Ice +Blink SInv} (You found
                  | it in a wizard's laboratory)
 70422 | Depths:4 | Found a runed translucent door.
 70454 | Depths:4 | Cast into level 2 of the Abyss (a wizard)
 70461 | Abyss:2  | Identified the amulet "Vajual" {Reflect Str+6 SH+5} (You
                  | found it on level 2 of the Abyss)
 70590 | Abyss:2  | Noticed a dread lich
 70601 | Abyss:2  | Killed a dread lich
 70601 | Abyss:2  | Received a gift from Okawaru
 70745 | Depths:4 | Escaped the Abyss
 71370 | Depths:4 | Reached XP level 24. HP: 231/231 MP: 32/32
 71370 | Depths:4 | Saving game... please wait.
 71370 | Depths:4 | Upgraded the game from 0.27-a0-287-gd4424db430 to
                  | 0.27-a0-291-gd9602db6ee
 71885 | Depths:4 | Noticed ardl's illusion
 71891 | Depths:4 | Killed Mara
 72003 | Depths:4 | Noticed Vyzol's ghost (adept MiFi)
 72005 | Depths:4 | Saving game... please wait.
 72025 | Depths:5 | Entered Level 5 of the Depths
 72201 | Depths:5 | Received a gift from Okawaru
 72225 | Depths:5 | Identified the +10 plate armour of Joy {*Contam rPois Dex+6
                  | Stlth+} (Okawaru gifted it to you on level 5 of the Depths)
 72503 | Depths:5 | Reached skill level 15 in Invocations
 72503 | Depths:5 | Reached XP level 25. HP: 238/238 MP: 33/33
 73921 | Depths:5 | Found a gate to the Realm of Zot.
 73980 | Depths:5 | Found a runed translucent door.
 74096 | Depths:5 | Received a gift from Okawaru
 75396 | Crypt:1  | Entered Level 1 of the Crypt
 76015 | Crypt:1  | Paralysed by something for 2 turns
 76650 | Crypt:1  | Found the +12 Vampire's Tooth {vamp}
 76798 | Crypt:2  | Reached skill level 1 in Short Blades
 77454 | Crypt:2  | Reached skill level 5 in Short Blades
 77887 | Crypt:2  | Found a huge runed gate.
 77887 | Crypt:2  | Found a huge runed gate.
 77887 | Crypt:2  | Found a huge runed gate.
 77887 | Crypt:2  | Found a huge runed gate.
 77887 | Crypt:2  | Found a huge runed gate.
 77887 | Crypt:2  | Found a huge runed gate.
 77901 | Crypt:2  | Found a huge runed gate.
 77902 | Crypt:2  | Found a huge runed gate.
 77902 | Crypt:2  | Found a huge runed gate.
 77903 | Crypt:2  | Found a huge runed gate.
 77903 | Crypt:2  | Found a huge runed gate.
 77904 | Crypt:2  | Found a huge runed gate.
 77905 | Crypt:2  | Found a huge runed gate.
 77912 | Crypt:2  | Found a huge runed gate.
 77912 | Crypt:2  | Found a huge runed gate.
 77924 | Crypt:2  | Reached XP level 26. HP: 246/246 MP: 35/35
 78029 | Crypt:2  | Found a huge runed gate.
 78029 | Crypt:2  | Found a huge runed gate.
 78029 | Crypt:2  | Found a huge runed gate.
 78029 | Crypt:2  | Found a huge runed gate.
 78029 | Crypt:2  | Found a huge runed gate.
 78029 | Crypt:2  | Found a huge runed gate.
 78041 | Crypt:2  | Found a huge runed gate.
 78042 | Crypt:2  | Found a huge runed gate.
 78043 | Crypt:2  | Found a huge runed gate.
 78051 | Crypt:2  | Found a huge runed gate.
 78051 | Crypt:2  | Found a huge runed gate.
 78051 | Crypt:2  | Found a huge runed gate.
 78051 | Crypt:2  | Found a huge runed gate.
 78225 | Crypt:3  | Entered Level 3 of the Crypt
 78232 | Crypt:3  | Received a gift from Okawaru
 78584 | Crypt:3  | Identified the +2 battleaxe of the Extremely Mad {flame,
                  | Str+4 SInv}
 78765 | Crypt:3  | Received a gift from Okawaru
 79199 | Crypt:3  | Found a staircase to the Tomb.
 79562 | Crypt:3  | Found an ancient bone altar of Kikubaaqudgha.
 79967 | Crypt:3  | Identified the ring "Esuwesed" {AC+4 Int+4} (You found it
                  | on level 3 of the Crypt)
 79983 | Crypt:3  | Identified Witchery, Part Six
 80179 | Crypt:3  | Received a gift from Okawaru
 80448 | Crypt:3  | Received a gift from Okawaru
 81140 | Snake:4  | Bought an uncursed ring of protection from fire for 450
                  | gold pieces
 81145 | Snake:4  | Saving game... please wait.
 82751 | Vaults:5 | Entered Level 5 of the Vaults
 82777 | Vaults:5 | Received a gift from Okawaru
 82833 | Vaults:5 | Identified the amulet of Riuvomoco {rC+ Regen+ Dex+3}
 82940 | Vaults:5 | Received a gift from Okawaru
 83051 | Vaults:5 | Lost mutation: You tend to lose your temper in combat.
                  | [potion of mutation]
 83051 | Vaults:5 | Gained mutation: You occasionally shout uncontrollably at
                  | your foes. [potion of mutation]
 83051 | Vaults:5 | Gained mutation: You are partially covered in rugged brown
                  | scales. (AC +1, +3% HP) [potion of mutation]
 83298 | Vaults:5 | Identified the cursed +0 flail "Okawofag" {drain, Str+4
                  | Stlth+}
 83298 | Vaults:5 | Identified the +3 plate armour "Mackimui" {Str+4 Slay+2}
 83320 | Vaults:5 | Received a gift from Okawaru
 83418 | Vaults:5 | Received a gift from Okawaru
 83419 | Vaults:5 | Reached skill level 15 in Shields
 83544 | Vaults:5 | Received a gift from Okawaru
 83757 | Vaults:5 | Reached XP level 27. HP: 261/261 MP: 36/36
 83768 | Vaults:5 | Noticed Jory
 83799 | Vaults:5 | Killed Jory
 83928 | Vaults:5 | Got a pair of encrusted gloves
 83929 | Vaults:5 | Identified the +0 pair of gloves of Lozeisol {Harm rPois
                  | Int-3 Dex+5} (You found it on level 5 of the Vaults)
 84667 | Vaults:5 | Noticed an ancient lich
 84679 | Vaults:5 | Killed an ancient lich
 84688 | Vaults:5 | Got a silver rune of Zot
 85160 | Zot:1    | Entered Level 1 of the Realm of Zot
 85487 | Zot:1    | Received a gift from Okawaru
 85612 | Zot:2    | You fall into a shaft and drop 2 floors!
 85819 | Zot:4    | Received a gift from Okawaru
 85932 | Zot:4    | Got a translucent gossamer ring
 85933 | Zot:4    | Identified the ring of Xom's Passing Interest {+Inv Will+
                  | MP+9 Int-2 SInv} (You found it on level 4 of the Realm of
                  | Zot)
 85969 | Zot:4    | Received a gift from Okawaru
 85977 | Zot:4    | Got a pair of transparent gloves {god gift}
 85979 | Zot:4    | Identified the +2 pair of gloves "Qasse" {rF+ rN++ MP+9
                  | Dex+3} (Okawaru gifted it to you on level 4 of the Realm of
                  | Zot)
 86253 | Zot:5    | Entered Level 5 of the Realm of Zot
 86435 | Zot:5    | Noticed an ancient lich
 86462 | Zot:5    | Killed an ancient lich
 86542 | Zot:5    | Received a gift from Okawaru
 86571 | Zot:5    | Noticed an orb of fire
 86571 | Zot:5    | Gained mutation: You sometimes yell uncontrollably at your
                  | foes. [an orb of fire]
 86574 | Zot:5    | Noticed a dread lich
 86583 | Zot:5    | Noticed a dread lich
 86597 | Zot:5    | Gained mutation: You are weak. (Str -2) [an orb of fire]
 86598 | Zot:5    | Noticed an ancient lich
 86644 | Zot:5    | Killed an orb of fire
 86653 | Zot:5    | Received a gift from Okawaru
 86723 | Zot:5    | Killed an ancient lich
 86746 | Zot:5    | Killed a dread lich
 86988 | Zot:5    | Reached skill level 15 in Evocations
 87000 | Zot:5    | Received a gift from Okawaru
 87240 | Zot:5    | Got the Orb of Zot
 87377 | Zot:1    | Got an ancient granite ring
 87378 | Zot:1    | Identified the ring of Targhun {rN+ Int+6} (You found it on
                  | level 1 of the Realm of Zot)
 87467 | Depths:4 | Gained mutation: You do not regenerate when monsters are
                  | visible. [a cacodemon]
 87487 | Depths:2 | Noticed Xijeno the pandemonium lord
 87492 | Depths:2 | Gained mutation: Scrolls take you a little longer to read.
                  | [a neqoxec]
 87497 | Depths:2 | Gained mutation: Potions are less effective at restoring
                  | your health. [a neqoxec]
 87501 | Depths:2 | Lost mutation: You do not regenerate when monsters are
                  | visible. [potion of mutation]
 87501 | Depths:2 | Lost mutation: Scrolls take you a little longer to read.
                  | [potion of mutation]
 87501 | Depths:2 | Lost mutation: Potions are less effective at restoring your
                  | health. [potion of mutation]
 87501 | Depths:2 | Gained mutation: Your natural rate of healing is unusually
                  | fast. [potion of mutation]
 87501 | Depths:2 | Gained mutation: You expend magic power (3 MP) to
                  | strengthen your wands. [potion of mutation]
 87524 | Depths:2 | Killed Xijeno the pandemonium lord
 88090 | D:$      | Escaped with the Orb!

Illustrated notes

Levels and vault maps discovered:
D:1:      minmay_arrival_stair_chambers, layout_basic,
          chequers_serial_rivers_micro_a, st_stairs_6, minmay_cupped
D:2:      layout_loops_corners
D:3:      layout_rooms, gammafunk_ghost_nasty_kobolds
D:4:      layout_loops_cross, nicolae_ru_sacrificial_ziggurat,
          fiery_altar_vehumet, minmay_temple_entry_tees, st_stairs_12
D:5:      layout_gridville, grunt_decor_one_mirror,
          chequers_serial_rivers_marsh, uniq_edmund
D:6:      layout_basic, serial_shops, kennysheep_mini,
          nicolae_shop_window_shopping, shop_statue, nicolae_shop_waterfront
D:7:      layout_rooms, minmay_statues_item, chequers_serial_rivers_small_a
D:8:      layout_loops_ring, nzn_overflow_gifts_of_might_and_magic,
          david_lair_generic
D:9:      layout_basic, roderic_st_hans_cross, guppyfry_early_elven_hall
D:10:     layout_roguey, gammafunk_ghost_arena, uniq_gastronok
D:11:     layout_loops_ring, david_orc_2
D:12:     layout_irregular_city, lemuel_oklob_altar
D:13:     layout_cave_pods, serial_shops, shop, minivault_5
D:14:     layout_basic, david_vaults_5, minmay_misc_feat_rows, uniq_nessos
D:15:     gammafunk_enter_depths_forms, layout_loops_ring,
          grunt_dithmenos_smoke_and_mirrors
Temple:   eino_narrow_crystal_temple
Lair:1:   layout_loops_ring, gammafunk_ghost_arena, uniq_joseph
Lair:2:   minmay_guarded_unrand_snakebite, layout_loops_ring,
          minmay_shoals_entry_lonely_mermaid
Lair:3:   layout_chaotic_city, guppyfry_snake_entry_garden,
          ebering_ghost_funeral_grove
Lair:4:   layout_cave_pods, portal_ice_cave_demonic_guard,
          chequers_serial_rivers_small_b, minmay_lair_drake_nest
Lair:5:   layout_hall_layers, ebering_ghost_rock_garden,
          minmay_stone_trees_medium, serial_bayou_shore_a, lemuel_fruit_fields,
          serial_bayou_shore_b, serial_bayou_shore_b
Lair:6:   due_jungle_book, layout_misc_corridors, slime_altar_2,
          chequers_serial_rivers_room_b, minmay_shattered_shrine
Shoals:1: layout_shoals, st_sunken_temple
Shoals:2: layout_shoals, ldierk_geyser, nicolae_shoals_wave_tunnel
Shoals:3: layout_shoals, lightli_airlock
Shoals:4: shoals_end_simple, layout_shoals, nicolae_shoals_cliffside_cave,
          lemuel_centaur_altar, uniq_roxanne
Snake:1:  layout_honeycomb
Snake:2:  layout_gridlike, basic_altar, serial_shops, nicolae_shop_stone,
          uniq_aizul, uniq_agnes
Snake:3:  layout_rooms, minmay_shop_star, lemuel_fruit_tree
Snake:4:  minmay_snake_end_coiled, layout_cave_town, serial_shops,
          nicolae_shop_overgrown_old_shop, gammafunk_ghost_necromancy,
          minmay_shoptagon, uniq_saint_roka
Orc:1:    layout_diamond_mine, basic_altar, nicolae_orc_damp_corner
Orc:2:    st_orc_elflike, layout_diamond_mine, nicolae_orc_pool_cavern,
          nicolae_orc_bridge_out, amcnicky_altar_gilded
Elf:1:    gammafunk_sealed_arena, layout_geoelf_grid,
          portal_desolation_entry_twin_temple, enter_trove_1,
          hangedman_elven_crosses_minicolossus
Elf:2:    layout_onion_city, serial_shops, shop, nicolae_rare_books,
          small_chamber_with_monster
Vaults:1: ontoclasm_vaults_misaligned, nicolae_vaults_minivaults,
          nicolae_vaults_big_angled_halls, v_misc_29, v_rooms_5,
          ontoclasm_vaults_ring_large, vaults_mumra_hex,
          vaults_standard_mumra_x, nicolae_vaults_little_squares_3, v_misc_26,
          ontoclasm_vaults_pinch, vaults_mumra_lcd, layout_vaults_omnibox,
          serial_shops, nicolae_shop_stone
Vaults:2: dpeg_vaults_monster_row, minmay_crypt_entry_necro_gods,
          nicolae_vaults_disjoint_gnomons, nicolae_vaults_stairing_the_circle,
          vaults_dpeg_ring, vaults_room_fours, hangedman_vaults_stagger,
          special_room_vaults [special_room_orc], nicolae_vaults_network_s,
          ontoclasm_vaults_ligature, serial_ice_m,
          hangedman_vaults_stretched_pinwheel, vaults_dpeg_cross,
          layout_vaults_maze_snakey
Vaults:3: hangedman_vaults_unwind, vaults_dpeg_doors, grunt_vaults_swirl,
          hangedman_vaults_cutoff, hangedman_vaults_capsules, v_pattern_2,
          ontoclasm_vaults_loading_screen, nicolae_vaults_big_ls,
          vaults_room_hangedman_quadrants, nicolae_vaults_little_squares_6,
          vaults_room_hallway, nicolae_vaults_little_squares_2,
          layout_vaults_big_cross, serial_shops, shop
Vaults:4: v_misc_24, grunt_vaults_diagonal, vaults_room_stairs_pillars,
          hangedman_vaults_nails, hangedman_vaults_stretched_pinwheel,
          ontoclasm_vaults_claustrophobia, layout_vaults_omnigrid, basic_altar
Vaults:5: serial_shops, uniq_jory
Crypt:1:  layout_rooms, minmay_guarded_unrand_vampires_tooth,
          grunt_crypt_arrival_split
Crypt:2:  layout_regular_city, not_door_vault_due
Crypt:3:  church_of_pain_bobbens, layout_chaotic_city,
          nicolae_tomb_entry_grand_gallery, minivault_19, grunt_ministairs_13
Depths:1: layout_basic, enter_ziggurat_e, nrook_mini_vaults,
          gammafunk_ghost_icy, grunt_mini_vestibule, minmay_hidden_floor
Depths:2: minmay_the_grid_triangle_9x9_rhombus_full
          [minmay_the_grid_triangle_9x9_from_above,
          minmay_the_grid_triangle_9x9_thin_v,
          minmay_the_grid_triangle_9x9_alien,
          minmay_the_grid_triangle_9x9_semitri,
          minmay_the_grid_triangle_9x9_windchime,
          minmay_the_grid_triangle_9x9_odd_lines,
          minmay_the_grid_triangle_9x9_empty,
          minmay_the_grid_triangle_9x9_prize_top_heavy], layout_gridlike,
          pf_hell_entry_great_geh, serial_shops, shop, serial_co_window_serial,
          co_window_corner_a, co_window_corner_a, co_window_of_opportunity_a,
          co_window_corner_a, co_window_paths_a, co_window_unsneaky_path_e,
          co_window_broadway_a, co_window_paths_c, co_window_of_opportunity_b,
          glass_columns_a, glass_columns_c, glass_columns_a, glass_columns_a,
          grunt_decor_cap
Depths:3: kennysheep_green_arena, layout_gridville, hellmouth_1,
          rand_demon_pan_entry_8, nicolae_twisting_strands
Depths:4: minmay_tri_stars, layout_cave_pools,
          nicolae_abyss_entry_one_way_or_another, ebering_ghost_reflecting_pool,
          hangedman_tar_grid_catacomb, mu_enter_wizlab_2,
          minmay_misc_feat_square, uniq_mara, uniq_xtahua
Depths:5: grunt_twist_and_shout, layout_small_grid,
          minmay_misc_feat_secret_circle, grunt_hell_entry_dis_grunt,
          lightli_giant_bouncers
Zot:1:    infiniplex_zot_generator, layout_twisted_circle
Zot:2:    kennysheep_blocky_hall, layout_misc_corridors
Zot:3:    layout_cellular_growth
Zot:4:    minmay_elemental_castle, layout_onion_interference, skrybe_zot_glass_2
Zot:5:    layout_misc_corridors

Skill      XL: |  1  2  3  4  5  6  7  8  9 10 11 12 13 14 15 16 17 18 19 20 21 22 23 24 25 26 27 |
---------------+----------------------------------------------------------------------------------+-----
Fighting       | 2 3 4 6 7 10 12 15 16 18 20 21 22 | 22.0
Crossbows      | 3 4 9 14 15 18 | 18.0
Maces & Flails | 1 4 7 8 10 12 13 | 13.8
Invocations    | 3 6 7 10 13 15 18 21 22 | 22.1
Armour         | 2 4 5 9 11 13 14 15 17 18 20 21 22 | 22.0
Evocations     | 4 6 7 9 10 16 | 16.7
Dodging        | 5 8 10 11 13 15 16 18 20 22 | 22.0
Shields        | 2 5 6 10 15 | 15.0
Throwing       | 2 |  2.1
Staves         | 2 |  2.6
Short Blades   | 6 8 |  8.0
Spellcasting   | |  1.0
Hexes          | |  2.0

Action                   |  1- 3 |  4- 6 |  7- 9 | 10-12 | 13-15 | 16-18 | 19-21 | 22-24 | 25-27 || total
-------------------------+-------+-------+-------+-------+-------+-------+-------+-------+-------++-------
Melee: Unarmed           |    18 |       |       |       |       |       |       |       |     2 ||    20
       Whip              |    79 |    80 |   234 |   482 |  1424 |   498 |       |       |       ||  2797
       Headbutt          |    14 |    15 |    28 |   100 |   336 |   189 |       |     6 |   647 ||  1335
       Demon whip        |       |       |       |       |       |   305 |       |       |       ||   305
       Lajatang          |       |       |       |       |       |       |       |    23 |       ||    23
       Quick blade       |       |       |       |       |       |       |       |       |  1562 ||  1562
       Arbalest          |       |       |       |       |       |       |       |       |     2 ||     2
 Fire: Hand crossbow     |     3 |     4 |       |       |       |       |       |       |       ||     7
       Arbalest          |       |       |       |       |       |   300 |  1587 |  1191 |   765 ||  3843
Throw: Dart              |    61 |    22 |       |       |       |       |       |       |       ||    83
Invok: Heroism           |       |       |     3 |     5 |    14 |     6 |    10 |    17 |     9 ||    64
       Finesse           |       |       |       |       |     5 |       |     4 |     4 |     2 ||    15
Evoke: Wand              |       |     1 |       |       |    10 |       |     1 |       |    13 ||    25
       Phantom mirror    |       |       |       |     1 |       |     1 |       |       |       ||     2
       Condenser vane    |       |       |       |       |       |     2 |     1 |     1 |     1 ||     5
       Tin of tremorston |       |       |       |       |       |     2 |     1 |     1 |       ||     4
  Use: Scroll            |       |    15 |     5 |    10 |    16 |    11 |     7 |    11 |    17 ||    92
       Potion            |       |       |       |       |     4 |    10 |     9 |     4 |     6 ||    33
 Stab: Distracted        |       |       |       |       |     1 |       |       |       |       ||     1
       Paralysed         |       |       |       |       |     4 |       |       |       |       ||     4
Armor: Robe              |     8 |       |       |       |       |       |       |       |       ||     8
       Leather armour    |    12 |     7 |       |       |       |       |       |       |       ||    19
       Scale mail        |       |    11 |       |       |       |       |       |       |       ||    11
       Chain mail        |       |       |    95 |   171 |   404 |   322 |       |       |       ||   992
       Plate armour      |       |       |       |       |       |    12 |   346 |   314 |   508 ||  1180
Dodge: Dodged            |    60 |    48 |    89 |   161 |   377 |   315 |   406 |   438 |   808 ||  2702
Block: Kite shield       |       |       |       |   152 |   547 |   326 |       |       |   512 ||  1537

Table legend: (Time is in decaauts)
 A = Elapsed time spent in this place.
 B = Non-inter-level travel time spent in this place.
 C = Inter-level travel time spent in this place.
 D = Time resting spent in this place.
 E = Time spent auto-exploring this place.
 F = Levels seen in this place.
 G = Mean time per level.
                   A        B        C        D        E       F      G
               +--------+--------+--------+--------+--------+-----+--------+
         Total |  86337 |  75209 |  11128 |  11912 |  50642 |  55 | 1569.8 |
       Dungeon |  19973 |  14898 |   5075 |   1401 |  11202 |  15 | 1331.5 |
        Temple |    292 |    265 |     27 |      0 |    263 |   1 |  292.0 |
          Lair |  10051 |   8514 |   1537 |   1094 |   6319 |   6 | 1675.2 |
        Shoals |   5759 |   5411 |    348 |    467 |   4158 |   4 | 1439.8 |
     Snake Pit |   8370 |   7708 |    662 |   2497 |   4051 |   4 | 2092.5 |
  Orcish Mines |   2389 |   1620 |    769 |    124 |   1323 |   2 | 1194.5 |
   Elven Halls |   2884 |   2674 |    210 |    101 |   2260 |   2 | 1442.0 |
        Vaults |  11699 |  10477 |   1222 |    886 |   7753 |   5 | 2339.8 |
         Crypt |   5413 |   5271 |    142 |    321 |   4146 |   3 | 1804.3 |
        Depths |  14198 |  13111 |   1087 |   3123 |   8150 |   5 | 2839.6 |
           Zot |   1696 |   1651 |     45 |    451 |      0 |   5 |  339.2 |
         Abyss |    289 |    289 |      0 |     31 |     90 |   1 |  289.0 |
      Ice Cave |   1155 |   1155 |      0 |    811 |     51 |   1 | 1155.0 |
        Wizlab |   2163 |   2163 |      0 |    603 |    874 |   1 | 2163.0 |
               +--------+--------+--------+--------+--------+-----+--------+

Top non-repeatable levels by time:
 Snake:4: 3795 daAuts
Depths:1: 3672 daAuts
Depths:3: 3192 daAuts
Depths:2: 3023 daAuts
Vaults:1: 2952 daAuts
    D:15: 2648 daAuts
Depths:4: 2495 daAuts
  Lair:6: 2464 daAuts
Vaults:3: 2437 daAuts
Vaults:2: 2401 daAuts
Shoals:4: 2381 daAuts
Vaults:4: 2369 daAuts
 Crypt:3: 2344 daAuts
     D:8: 2277 daAuts
  WizLab: 2163 daAuts
